 Dungeon Crawl Stone Soup version 0.24-a0-335-g06ca16a (webtiles) character file.

Game seed: 7343039854871824667

1 mhoghedin the Grave Robber (level 1, 0/13 HPs)
             Began as a Mummy Necromancer on May 18, 2019.
             Slain by an ooze (4 damage)
             ... on level 1 of the Dungeon.
             The game lasted 00:00:49 (80 turns).

mhoghedin the Grave Robber (Mummy Necromancer)        Turns: 80, Time: 00:00:50

Health: 0/13       AC:  2    Str: 11    XL:     1   Next: 16%
Magic:  0/4        EV: 12    Int: 14    God:
Gold:   7          SH:  0    Dex: 12    Spells: 4/5 levels left

rFire    x . .     SeeInvis .   (no weapon)
rCold    + . .     Gourm    .   (no shield)
rNeg     + + +     Faith    .   a - +0 robe
rPois    ∞         Spirit   .   (no helmet)
rElec    .         Reflect  .   (no cloak)
rCorr    .         Harm     .   (no gloves)
MR       .....                  (no boots)
Stlth    ++........             (no amulet)
HPRegen  0.04/turn              (no ring)
MPRegen  0.09/turn              (no ring)

@: no status effects
A: no food or potions, fire vulnerability, cold resistance 1, negative energy
resistance 3, torment resistance, unbreathing
a: no special abilities


You were on level 1 of the Dungeon.
You were not hungry.

You visited 1 branch of the dungeon, and saw 1 of its levels.

You collected 7 gold pieces.

Inventory:

Armour
 a - a +0 robe (worn)
Scrolls
 b - a scroll of remove curse {unknown}


   Skills:
 - Level 1.5 Dodging
 - Level 1.5 Stealth
 + Level 2.7 Spellcasting
 + Level 4.0 Necromancy


You had 4 spell levels left.
You knew the following spells:

 Your Spells              Type           Power        Failure   Level  Hunger
a - Pain                  Necr           ##..         4%          1    N/A

Your spell library contained the following spells:

 Spells                   Type           Power        Failure   Level  Hunger
 Animate Skeleton         Necr           N/A          4%          1    N/A
 Vampiric Draining        Necr           ##........   13%         3    N/A
 Animate Dead             Necr           N/A          38%         4    N/A
 Regeneration             Chrm/Necr      Unusable     N/A         3    N/A

Dungeon Overview and Level Annotations

Branches:
Dungeon (1/15)

Altars:


Innate Abilities, Weirdness & Mutations

You do not eat or drink.
Your flesh is vulnerable to fire.
You are immune to poison.
Your flesh is cold resistant. (rC+)
You are immune to negative energy. (rN+++)
You are immune to unholy pain and torment.
You can survive without breathing.


Message History

Welcome, mhoghedin the Mummy Necromancer.
It is said that the Orb of Zot exists deep within this dungeon.
Found a scroll labeled DEADOU UQIC and a scroll labeled IQEDAO AHAUH.
Found a staircase leading out of the dungeon.
Welcome back, mhoghedin the Mummy Necromancer.
b - a scroll labeled DEADOU UQIC You now have 7 gold pieces.
A bat comes into view.
A bat is nearby!
A bat is nearby!
Aim: a bat (chance to defeat MR: 83%)
The bat writhes in agony.
The bat hits you.
You take 1 damage, and have 12/13 hp.
You now have 3/4 mp.
The bat hits you but does no damage.
Aim: a bat (severely wounded, chance to defeat MR: 83%)
The bat writhes in agony.
You kill the bat!
You now have 2/4 mp.
An ooze comes into view.
The ooze quivers.
An ooze is nearby!
Aim: an ooze (chance to defeat MR: 70%)
The ooze struggles to resist.
The ooze hits you.
You take 5 damage, and have 7/13 hp.
MASSIVE DAMAGE!!
You now have 1/4 mp.
Aim: an ooze (chance to defeat MR: 70%)
The ooze struggles to resist.
The ooze hits you.
You take 2 damage, and have 5/13 hp.
You now have 0/4 mp.
Aim: an ooze (chance to defeat MR: 70%)
The ooze writhes in agony.
The ooze closely misses you.
You now have 0/4 mp.
Aim: an ooze (lightly wounded, chance to defeat MR: 70%)
The ooze struggles to resist.
The ooze hits you but does no damage.
You now have 0/4 mp.
Why would you want to do that?
Aim: an ooze (chance to defeat MR: 70%)
The ooze writhes in agony.
The ooze barely misses you.
Aim: an ooze (moderately wounded, chance to defeat MR: 70%)
The ooze writhes in agony.
The ooze hits you.
You take 3 damage, and have 4/13 hp.
MASSIVE DAMAGE!!
You now have 0/4 mp.
You hit the ooze. The ooze hits you.
You die...

#.. .......... #..
...#. ....
###..##... ....
......... ...
##.#.#.###.###
#............#
#####≈≈§§§≈≈§.# #.
#....≈....J@#
#.###.≈§≈≈.######
.#.#...≈...§.....#
.#.#?≈≈≈.#########
.#...≈..§.......
.#.≈≈§.≈§§≈≈.###
.#.≈.§.≈...≈...#
§#.≈§§≈≈.≈.≈≈§.###
...≈.....§...≈...#


You could see an ooze.

Vanquished Creatures
  A bat (D:1)
1 creature vanquished.

Notes
Turn   | Place    | Note
-------+----------+-------------------------------------------
     0 | D:1      | mhoghedin the Mummy Necromancer began the quest for the
                  | Orb.
     0 | D:1      | Reached XP level 1. HP: 13/13 MP: 4/4
    80 | D:1      | Slain by an ooze

Levels and vault maps discovered:
D:1:      psy_arrival_radial02, layout_basic

Action                   || total
-------------------------++-------
Melee: Unarmed           ||     1
 Cast: Pain              ||     8
Armor: Robe              ||     2
Dodge: Dodged            ||     2

Table legend:
 A = Non-vault XP
 B = Vault XP
 C = Vault XP percentage of total XP
 D = Non-vault monster count
 E = Vault monster count
 F = Vault count percentage of total count
                 A         B        C        D         E       F
            +---------+---------+-------+---------+---------+-------
      Total |       2 |       0 |   0.0 |       1 |       0 |   0.0
            +---------+---------+-------+---------+---------+-------
        D:1 |       2 |       0 |   0.0 |       1 |       0 |   0.0
            +---------+---------+-------+---------+---------+-------

Levels and vault maps discovered:
D:1:      psy_arrival_radial02, layout_basic

Table legend:
 A = Turns spent in this place as a percentage of turns spent in the entire game.
 B = Non-inter-level travel turns spent in this place as a percentage of non-inter-level travel turns spent in the entire game.
 C = Inter-level travel turns spent in this place as a percentage of turns spent in this place.
 D = Turns resting spent in this place as a percentage of non-inter-level travel turns spent in this place.
 E = Turns spent auto-exploring this place as a percentage of non-inter-level travel turns spent in this place.
 F = Non-inter-level travel turns spent in this place divided by the number of levels of this place that you've seen.
                   A       B       C       D       E      F
               +-------+-------+-------+-------+-------+----------------------
         Total | 100.0 | 100.0 |   0.0 |   0.0 |  41.2 |  80.0
       Dungeon | 100.0 | 100.0 |   0.0 |   0.0 |  41.2 |  80.0
               +-------+-------+-------+-------+-------+----------------------

Table legend:
 A = Kills in this place as a percentage of kills in entire the game.
 B = Kills by you in this place as a percentage of kills by you in the entire game.
 C = Kills by friends in this place as a percentage of kills by friends in the entire game.
 D = Other kills in this place as a percentage of other kills in the entire game.
 E = Experience gained in this place as a percentage of experience gained in the entire game.
 F = Experience gained in this place divided by the number of levels of this place that you have seen.
                   A       B       C       D       E      F
               +-------+-------+-------+-------+-------+----------------------
         Total | 100.0 | 100.0 |   N/A |   N/A | 100.0 |   2.0
       Dungeon | 100.0 | 100.0 |   N/A |   N/A | 100.0 |   2.0
               +-------+-------+-------+-------+-------+----------------------
